 Dungeon Crawl Stone Soup version 0.30-a0-1066-g63dfefce0d (webtiles) character file.

Game seed: 17358578997393681864

84 jimonade the Grasshopper (level 4, -10/30 HPs)
             Began as an Octopode Warper on Apr 12, 2023.
             Mangled by a gnoll
             ... wielding a +0 halberd
              (13 damage)
             ... on level 2 of the Dungeon.
             The game lasted 00:03:04 (1335 turns).

jimonade the Grasshopper (Octopode Warper)          Turns: 1335, Time: 00:03:05

Health: -10/30     AC:  1    Str: 12    XL:     4   Next: 46%
Magic:  7/7        EV: 13    Int: 15    God:
Gold:   98         SH:  0    Dex: 11    Spells: 3/7 levels left

rFire   . . .      SeeInvis .    a - +0 hand axe
rCold   . . .      Faith    .    (no shield)
rNeg    . . .      Spirit   .    (helmet restricted)
rPois   .          Reflect  .    (no amulet)
rElec   .          Rampage  .    (no ring)
rCorr   .                        (no ring)
Will    .....                    (no ring)
Stlth   +++                      (no ring)
HPRegen 0.25/turn                (no ring)
MPRegen 0.10/turn                (no ring)
                                 (no ring)
                                 (no ring)

@: no status effects
A: almost no armour, amphibious, 8 rings, camouflage 1, gelatinous body 1,
(nimble swimmer 1), tentacles
a: no special abilities


You were on level 2 of the Dungeon.
You visited 1 branch of the dungeon, and saw 2 of its levels.

You collected 98 gold pieces.

Inventory:

Hand Weapons
 a - a +0 hand axe (weapon)
Missiles
 c - 7 boomerangs of dispersal (quivered)
Magical Staves
 e - a staff of air
Scrolls
 b - 2 scrolls of blinking
 h - 2 scrolls of teleportation {unknown}
 j - a scroll of enchant armour {unknown}
 k - a scroll of fog {unknown}
 l - a scroll of enchant weapon {unknown}
 m - a scroll of noise {unknown}
Potions
 d - a potion of mutation {unknown}
 f - a potion of brilliance {unknown}
 g - a potion of haste {unknown}
 i - a potion of might {unknown}


   Skills:
 + Level 2.3 Fighting
 + Level 2.5 Axes
 + Level 1.0 Throwing
 + Level 2.8 Dodging
 + Level 1.3 Stealth
 + Level 2.1 Spellcasting
 * Level 4.0 Translocations


You had 3 spell levels left.
You knew the following spells:

 Your Spells              Type           Power      Damage    Failure   Level
a - Blink                 Tloc           26%        N/A       6%          2
b - Lesser Beckoning      Tloc           26%        N/A       6%          2

Your spell library contained the following spells:

 Spells                   Type           Power      Damage    Failure   Level
 Teleport Other           Tloc           13%        N/A       12%         3
 Slow                     Hex            4%         N/A       22%         1
 Vhi's Electric Charge    Tloc/Air       14%        N/A       28%         3
 Confusing Touch          Hex            1%         N/A       54%         3
 Vampiric Draining        Necr           1%         2d6       54%         3
 Manifold Assault         Tloc           13%        N/A       38%         4


Dungeon Overview and Level Annotations

Branches:
Dungeon (2/15)

Altars:
Xom

Shops:
D:1 [   D:2 [


Innate Abilities, Weirdness & Mutations

You cannot wear most types of armour.
You are amphibious.
You can wear up to eight rings at the same time.
Your skin changes colour to match your surroundings (Stealth+).
Your rubbery body absorbs attacks. (AC +1, EV +1)
((You are camouflaged when in or above water. (Stealth+)))
You have tentacles for arms and can constrict up to eight enemies at once.


Message History

The hobgoblin barely misses you. The adder bites you.
You hit the adder.
The adder is heavily wounded.
You closely miss the hobgoblin. You constrict the adder.
The adder bites you but does no damage.
The hobgoblin hits you but does no damage.
You hit the adder.
You kill the adder!
You hit the hobgoblin. The hobgoblin closely misses you.
You hit the hobgoblin.
You kill the hobgoblin!
No target in view!
No target in view!
A gnoll comes into view. It is wielding a +0 spear.
A gnoll is nearby!
The gnoll shouts!
You see here a hobgoblin corpse.
Found 9 gold pieces.
Found a scroll labelled FULOXA XAOBO and 2 stones.
The gnoll closely misses you.
A gnoll comes into view. It is wielding a +0 flail.
A gnoll comes into view. It is wielding a +0 halberd.
The gnoll hits you with a +0 spear!
The gnoll shouts!
You hit the gnoll. Your grab misses the gnoll. You squeeze the gnoll!
You kill the gnoll!
Things that are here:
a +0 spear; a gnoll corpse You barely miss the gnoll.
Your grab misses the gnoll. You squeeze the gnoll!
The gnoll is heavily wounded.
The gnoll hits you with a +0 flail!
* * * LOW HITPOINT WARNING * * *
The gnoll closely misses you. The gnoll completely misses you.
You hit the gnoll but do no damage. You grab the gnoll.
You squeeze the gnoll, but do no damage.
The gnoll is heavily wounded.
You constrict the gnoll. The gnoll hits you with a +0 flail.
* * * LOW HITPOINT WARNING * * *
The gnoll hits you from afar with a +0 halberd!
You die...

#####...... ....#.?....
...#...... .# .........
.# .. #...........##..
#.### #...## #.#.....
...##)...# .......
#.#gg†..####....#.
##@##............
#.$.#..........#
#..#.##.......(..## .
?..####.............#..
(.##
...#.........#).†.. ##
#..?.>....#.###.
.............##..
#...#.#######.....
....... #.......


You could see 2 gnolls.

Vanquished Creatures
  A gnoll (D:2)
  2 adders (D:2)
  A worm (D:2)
  8 ball pythons
  5 bats
  3 endoplasms
  A giant cockroach (D:1)
  4 goblins
  4 hobgoblins
  8 jackals (D:1)
  3 quokkas (D:2)
  3 frilled lizards
  4 kobolds
  3 rats
50 creatures vanquished.

Notes
Turn   | Place    | Note
-------+----------+-------------------------------------------
     0 | D:1      | jimonade the Octopode Warper began the quest for the Orb.
     0 | D:1      | Reached XP level 1. HP: 14/14 MP: 3/3
   261 | D:1      | Reached XP level 2. HP: 13/19 MP: 5/5
   568 | D:1      | Found Umoe's Armour Boutique.
   588 | D:1      | Reached skill level 1 in Stealth
   588 | D:1      | Reached XP level 3. HP: 16/24 MP: 6/6
  1074 | D:1      | Learned a level 2 spell: Blink
  1077 | D:1      | Learned a level 2 spell: Lesser Beckoning
  1119 | D:2      | Found Idacoxt's Armour Shoppe.
  1184 | D:2      | Found a shimmering altar of Xom.
  1255 | D:2      | Reached skill level 4 in Translocations
  1255 | D:2      | Reached XP level 4. HP: 24/29 MP: 7/7
  1335 | D:2      | Mangled by a gnoll

Illustrated notes

Levels and vault maps discovered:
D:1:      saegor_arrival_simple_d, layout_loops_cross, serial_shops,
          shop_fountains
D:2:      layout_rooms, serial_shops, nicolae_diamond_shop, basic_altar,
          hellmonk_ecumenical_altar_watching_god, minmay_pentomino_pile

Skill      XL: |  1  2  3 |
---------------+----------+-----
Stealth        | 1 |  1.3
Translocations | 4 |  4.0
Fighting       | |  2.3
Axes           | |  2.5
Throwing       | |  1.0
Dodging        | |  2.8
Spellcasting   | |  2.1

Action                     |  1- 3 |  4- 6 || total
---------------------------+-------+-------++-------
  Melee: Hand axe          |    86 |    21 ||   107
         Constrict         |    16 |     6 ||    22
         Tentacles         |    13 |     3 ||    16
         Punch             |     1 |       ||     1
   Cast: Lesser Beckoning  |     3 |       ||     3
   Stab: Sleeping          |     2 |       ||     2
 Armour: Skin              |     5 |     3 ||     8
  Dodge: Dodged            |    80 |    19 ||    99

Table legend: (Time is in decaauts)
 A = Elapsed time spent in this place.
 B = Non-inter-level travel time spent in this place.
 C = Inter-level travel time spent in this place.
 D = Time resting spent in this place.
 E = Time spent auto-exploring this place.
 F = Levels seen in this place.
 G = Mean time per level.
                   A        B        C        D        E       F      G
               +--------+--------+--------+--------+--------+-----+--------+
         Total |   1356 |   1334 |     22 |      0 |   1032 |   2 |  678.0 |
       Dungeon |   1356 |   1334 |     22 |      0 |   1032 |   2 |  678.0 |
               +--------+--------+--------+--------+--------+-----+--------+

Top non-repeatable levels by time:
     D:1: 1085 daAuts
     D:2: 270 daAuts
